[Event "Titled Tuesday Blitz April 25 Early 2023"]
[White "wqws"]
[Black "Andrews, Todd"]
[BlackFideId "2012456"]
[WhiteElo "2603"]
[BlackElo "2408"]
[Result "1-0"]
[Round "04"]
[TimeControl "180+2"]
[Date "2023.04.25"]
[WhiteClock "0:02:19"]
[BlackClock "0:00:31"]

1. e4 e6 2. d4 d5 3. Nc3 Bb4 4. e5 c5 5. a3 Bxc3+ 6. bxc3 Ne7 7. Nf3 b6 8. a4 Ba6 9. Bxa6 Nxa6 10. O-O O-O 11. Qd3 c4 12. Qe2 Nb8 13. Ng5 h6 14. Nh3 Nbc6 15. Qh5 f6 16. exf6 Rxf6 17. f4 Qe8 18. Qe2 Qg6 19. Ba3 Nf5 20. Nf2 Nfxd4 21. cxd4 Nxd4 22. Qg4 Qf7 23. Qd1 Rxf4 24. Bd6 Rh4 25. Bg3 Nf5 26. Bxh4 Nxh4 27. Qe2 Re8 28. Ng4 Qh5 29. Nf6+ 1-0


[Site "https://www.chess.com"]

[Event "Titled Tuesday Blitz April 25 Early 2023"]
[White "Kokoszczynski, Jan"]
[Black "Rangel, Daniel"]
[WhiteFideId "1174460"]
[BlackFideId "2124475"]
[WhiteElo "2139"]
[BlackElo "2256"]
[Result "0-1"]
[Round "04"]
[TimeControl "180+2"]
[Date "2023.04.25"]
[WhiteClock "0:00:03"]
[BlackClock "0:00:02"]

1. e4 c5 2. Nf3 g6 3. d4 cxd4 4. Qxd4 Nf6 5. e5 Nc6 6. Qa4 Nd5 7. Qb3 Nc7 8. Bc4 e6 9. Bg5 Be7 10. Bh6 b5 11. Be2 Rb8 12. Qe3 Nd5 13. Qd2 d6 14. exd6 Bf6 15. Nc3 Nxc3 16. bxc3 b4 17. O-O Bxc3 18. Qf4 e5 19. Qe4 Bxa1 20. Rxa1 Qxd6 21. Rd1 Qc7 22. Bg7 f5 23. Qc4 Qxg7 24. Qxc6+ Bd7 25. Qc7 Rc8 26. Qxa7 e4 27. Ng5 Qe7 28. Rxd7 Qxd7 29. Bb5 Rc6 30. Bxc6 Qxc6 31. Qb8+ Ke7 32. Qxh8 Qd5 33. h4 Qd1+ 34. Kh2 Qd6+ 35. g3 Qd2 36. Qe5+ Kd8 37. Ne6+ Kd7 38. Nf8+ Kc6 39. Qf4 Qxc2 40. Nxh7 Qxa2 41. Nf8 b3 42. Ne6 b2 43. Qc7+ Kd5 44. Nf4+ Kd4 0-1


[Site "https://www.chess.com"]

[Event "Titled Tuesday Blitz April 25 Early 2023"]
[White "Koutsin, Sergey"]
[Black "Bodnaruk, Anastasia"]
[WhiteFideId "14101483"]
[BlackFideId "4181751"]
[WhiteElo "2381"]
[BlackElo "2310"]
[Result "1-0"]
[Round "04"]
[TimeControl "180+2"]
[Date "2023.04.25"]
[WhiteClock "0:00:10"]
[BlackClock "0:00:03"]

1. d4 Nf6 2. c4 g6 3. Nc3 Bg7 4. e4 d6 5. Nf3 O-O 6. Be2 e5 7. O-O Nc6 8. d5 Ne7 9. Ne1 Nd7 10. Be3 f5 11. f3 f4 12. Bf2 g5 13. a4 a5 14. Nd3 b6 15. b4 axb4 16. Nxb4 Nc5 17. Nc6 Nxc6 18. dxc6 Ne6 19. Nd5 h5 20. a5 bxa5 21. Be1 Ra6 22. Rxa5 Rxc6 23. Ra8 Re8 24. Ba5 Ra6 25. Rxa6 Bxa6 26. Qa4 Kf8 27. Ra1 Bb7 28. Qb5 Qc8 29. Bf1 c6 30. Qb4 cxd5 31. Qxd6+ Kg8 32. cxd5 Qc5+ 33. Qxc5 Nxc5 34. Bb6 Bf8 35. Ra7 Ra8 36. Rxa8 Bxa8 37. Bb5 Bb7 38. Bc7 Ba6 39. Bxa6 Nxa6 40. Bxe5 Be7 41. g3 fxg3 42. hxg3 Nc5 43. Bd4 Nd3 44. Kg2 Bd6 45. Be3 g4 46. f4 Kf7 47. e5 Bf8 48. Bd2 Bc5 49. Bc3 Ke7 50. Bd2 Bd4 51. Bb4+ Kf7 52. e6+ Kf6 53. f5 Bc5 54. Bxc5 Nxc5 55. d6 Nb7 56. d7 Ke7 57. Kf2 Kf6 58. Ke3 Ke7 59. Kf4 Nd6 60. Ke5 Nc4+ 61. Kd4 Nd6 62. Ke5 Nc4+ 63. Ke4 Na5 64. Kf4 Nc6 65. Kg5 Kd6 66. Kxh5 Ke5 67. Kxg4 Kf6 68. Kf4 Ke7 69. g4 Kf8 70. g5 Ke7 71. Ke4 Kd6 72. Kf4 Ke7 73. g6 Kf6 74. Ke4 Nd8 75. Kd5 Nb7 76. Kc6 Nd8+ 77. Kc7 Ke7 78. f6+ Kxe6 79. Kxd8 1-0


[Site "https://www.chess.com"]

[Event "Titled Tuesday Blitz April 25 Early 2023"]
[White "Martinez Ramirez, Lennis"]
[Black "Kopczynski, Michal"]
[WhiteFideId "3509079"]
[BlackFideId "1124200"]
[WhiteElo "2410"]
[BlackElo "2212"]
[Result "1-0"]
[Round "04"]
[TimeControl "180+2"]
[Date "2023.04.25"]
[WhiteClock "0:01:23"]
[BlackClock "0:00:25"]

1. d4 Nf6 2. Nc3 c5 3. Bg5 cxd4 4. Qxd4 Nc6 5. Qh4 d6 6. O-O-O Bf5 7. Bxf6 gxf6 8. e4 Bg6 9. Nh3 Qa5 10. Nf4 O-O-O 11. Nxg6 fxg6 12. Bc4 Kb8 13. Be6 Bg7 14. Rd5 Qb6 15. Rb5 Qa6 16. Rd1 f5 17. Rb3 Bf6 18. Qg3 Nd4 19. Rxd4 Bxd4 20. Nb5 Be5 21. Qe3 f4 22. Qd3 Qxa2 23. Bd5 Rc8 24. Bxb7 Kxb7 25. Nxd6+ Kc6 26. Qd5+ Kd7 27. Rb7+ Kd8 28. Nf7+ Ke8 29. Qxa2 1-0


[Site "https://www.chess.com"]

[Event "Titled Tuesday Blitz April 25 Early 2023"]
[White "Yelisieiev, Yevhenii"]
[Black "Petrova, Irina"]
[WhiteFideId "14139642"]
[BlackFideId "14124122"]
[WhiteElo "2425"]
[BlackElo "2084"]
[Result "1-0"]
[Round "04"]
[TimeControl "180+2"]
[Date "2023.04.25"]
[WhiteClock "0:00:07"]
[BlackClock "0:00:10"]

1. d4 d6 2. Nf3 g6 3. g3 Bg7 4. Bg2 Nf6 5. O-O O-O 6. b3 Nc6 7. Bb2 Bf5 8. Nbd2 Ne4 9. Nh4 Nxd2 10. Qxd2 Bd7 11. c4 Qc8 12. Rfe1 e5 13. dxe5 Nxe5 14. Nf3 Bh3 15. Nxe5 Bxg2 16. Nxg6 fxg6 17. Kxg2 Bxb2 18. Qxb2 Qf5 19. f3 Rae8 20. Qc3 a5 21. e4 Qf7 22. Rf1 b6 23. Rae1 Qd7 24. Qd4 Qc6 25. Qd5+ Qxd5 26. cxd5 Re7 27. Rc1 Ref7 28. Rc3 Re8 29. Rfc1 Ree7 30. Rc4 Kf8 31. Kf2 Ke8 32. Ke3 Kd8 33. R4c3 Rf8 34. Kd4 Rff7 35. Re3 h5 36. f4 h4 37. e5 dxe5+ 38. Rxe5 hxg3 39. hxg3 Rxe5 40. fxe5 Rf3 41. Rc3 Rf1 42. Rc6 Rd1+ 43. Ke4 Re1+ 44. Kf4 Rd1 45. d6 cxd6 46. Rxb6 dxe5+ 47. Kxe5 g5 48. Kf5 Rd5+ 49. Kg4 Kc7 50. Rg6 Rd2 51. a4 Rd3 52. Rxg5 Rxb3 53. Rxa5 Kd7 54. Rb5 Ra3 55. Rb4 Ke7 56. Kf4 Kf6 57. g4 Kg7 58. Kg5 Ra1 59. Rb7+ Kf8 60. Ra7 Kg8 61. Kg6 Kf8 62. g5 Ra2 63. a5 Ra1 64. a6 Ra2 65. Ra8+ Ke7 66. a7 Ra6+ 67. Kg7 Ra5 68. Kh6 Kf7 69. Rh8 Ra6+ 70. Kh5 1-0


[Site "https://www.chess.com"]

[Event "Titled Tuesday Blitz April 25 Early 2023"]
[White "Mordechai, Hanan"]
[Black "Belenkaya, Dina"]
[WhiteFideId "2804166"]
[BlackFideId "24142654"]
[WhiteElo "2324"]
[BlackElo "2208"]
[Result "1-0"]
[Round "04"]
[TimeControl "180+2"]
[Date "2023.04.25"]
[WhiteClock "0:00:17"]
[BlackClock "0:00:21"]

1. Nf3 d5 2. g3 g6 3. Bg2 Bg7 4. O-O e5 5. d3 Ne7 6. c4 c6 7. Nbd2 O-O 8. Rb1 Nd7 9. b4 d4 10. b5 c5 11. a4 Rb8 12. Nb3 Qc7 13. a5 Qd6 14. Ba3 f5 15. e3 b6 16. exd4 exd4 17. Bc1 g5 18. Bxg5 Ng6 19. Nh4 Bb7 20. Re1 Bxg2 21. Nxg2 Nde5 22. Nf4 Nxf4 23. Bxf4 Rbe8 24. axb6 axb6 25. Ra1 Qd7 26. Bxe5 Bxe5 27. Qf3 Bb8 28. Rxe8 Rxe8 29. Kf1 Qe6 30. Kg2 Kg7 31. Ra8 f4 32. Qb7+ Qf7 33. Rxb8 f3+ 34. Kf1 Re7 35. Qd5 Qf6 36. Nd2 Rf7 37. Rb7 Rxb7 38. Qxb7+ Kh6 39. Qxf3 Qe5 40. Ne4 Qe6 41. Qf4+ Kg6 42. Qg5+ Kf7 43. Kg2 h6 44. Qf4+ Ke7 45. Qc7+ Kf8 46. Qd6+ Qxd6 47. Nxd6 Ke7 48. Nc8+ Kf6 49. Nxb6 Ke6 50. Nd5 Kd6 51. b6 Kc6 52. b7 Kxb7 53. Kh3 Kc6 54. Kh4 Kd6 55. Kh5 Ke5 56. Kxh6 Kf5 57. f3 Ke5 58. h4 Kf5 59. h5 Ke5 60. Kg6 Ke6 61. h6 Ke5 62. h7 Kd6 63. h8=Q Ke6 64. Qf6+ Kd7 65. Qe7+ Kc6 66. Qc7# 1-0


[Site "https://www.chess.com"]

[Event "Titled Tuesday Blitz April 25 Early 2023"]
[White "Alinasab, Mobina"]
[Black "Smiechu"]
[WhiteFideId "12528897"]
[WhiteElo "2149"]
[BlackElo "2401"]
[Result "0-1"]
[Round "04"]
[TimeControl "180+2"]
[Date "2023.04.25"]
[WhiteClock "0:00:03"]
[BlackClock "0:00:04"]

1. Nf3 Nf6 2. g3 c5 3. Bg2 Nc6 4. d4 cxd4 5. Nxd4 g6 6. b3 Bg7 7. Bb2 O-O 8. O-O Nxd4 9. Bxd4 d6 10. c4 Qc7 11. Nc3 Bd7 12. Rc1 Bc6 13. Nd5 Bxd5 14. cxd5 Qa5 15. a4 Rfc8 16. Qd3 Qb4 17. Bh3 Rxc1 18. Rxc1 a6 19. e4 b5 20. axb5 axb5 21. Bg2 Ng4 22. Bb6 Ne5 23. Qc2 h5 24. h3 Ra3 25. Rb1 Kh7 26. Be3 Qa5 27. f4 Ra2 28. Qd1 Rxg2+ 29. Kxg2 Qa2+ 30. Bf2 Nd7 31. b4 Bd4 32. Qxd4 Qxb1 33. e5 dxe5 34. fxe5 Qf5 35. d6 exd6 36. exd6 Ne5 37. Qf4 Qe6 38. Bc5 Nd3 39. Qd2 Qe4+ 40. Kh2 Ne1 41. Qf2 Nf3+ 42. Kh1 Qd5 43. Kg2 Ng5+ 44. Kh2 Ne4 45. Qg2 f5 46. d7 Qxd7 47. Qe2 Qc7 48. Qf3 Qc6 49. Kg2 Qd5 50. h4 Qd2+ 51. Kh3 Qe1 52. Kg2 Qd2+ 53. Kg1 Nxc5 54. bxc5 Qc1+ 55. Kg2 Qxc5 56. Qb3 Qc4 57. Qb2 Qe4+ 58. Kh2 b4 59. Qf6 Qc2+ 60. Kh3 Qc7 61. Qg5 Qd7 62. Qf4 Qe6 63. Qxb4 f4+ 64. Kg2 Qe2+ 65. Kh3 Qg4+ 66. Kg2 f3+ 67. Kf2 Qxb4 68. Kxf3 Qc4 0-1


[Site "https://www.chess.com"]

[Event "Titled Tuesday Blitz April 25 Early 2023"]
[White "Dzagnidze, Nana"]
[Black "a-z30"]
[WhiteFideId "13601903"]
[WhiteElo "2406"]
[BlackElo "2400"]
[Result "1/2-1/2"]
[Round "04"]
[TimeControl "180+2"]
[Date "2023.04.25"]
[WhiteClock "0:00:03"]
[BlackClock "0:00:03"]

1. Nf3 Nf6 2. c4 g6 3. b3 Bg7 4. Bb2 O-O 5. g3 c5 6. Bg2 Nc6 7. O-O b6 8. e3 Bb7 9. Nc3 Ne4 10. d4 Nxc3 11. Bxc3 cxd4 12. Nxd4 Qc8 13. Rc1 Nxd4 14. Bxd4 Bxg2 15. Kxg2 Qc6+ 16. Qf3 Bxd4 17. exd4 Qxf3+ 18. Kxf3 Rfd8 19. Rfe1 Kf8 20. a4 Rac8 21. d5 e6 22. Rcd1 Ke7 23. h4 h5 24. Kf4 a6 25. Re5 d6 26. Re3 e5+ 27. Kf3 b5 28. axb5 axb5 29. Rc3 Rc5 30. Ke3 f5 31. Ra1 Rd7 32. Ra5 Rb7 33. Kd2 bxc4 34. Rxc5 dxc5 35. bxc4 Kd6 36. Ra3 e4 37. Ke3 Ke5 38. f4+ exf3 39. Kxf3 Kd4 40. Ra4 Re7 41. Kf4 Re4+ 42. Kg5 Ke5 43. Kxg6 Rg4+ 44. Kxh5 Rxg3 45. Ra6 f4 46. Re6+ Kd4 47. d6 Kxc4 48. Re4+ Kb5 49. Rxf4 Rd3 50. Rf5 Kb4 51. Kg5 Rxd6 52. h5 c4 53. h6 c3 54. h7 Rd8 55. Kg6 Kb3 56. Rh5 Rh8 57. Kg7 Rxh7+ 58. Kxh7 c2 59. Rc5 Kb2 60. Kg6 c1=Q 61. Rxc1 Kxc1 1/2-1/2


[Site "https://www.chess.com"]

[Event "Titled Tuesday Blitz April 25 Early 2023"]
[White "Alexikov, Alexander"]
[Black "Fiorito, Francisco"]
[WhiteFideId "14103958"]
[BlackFideId "180165"]
[WhiteElo "2186"]
[BlackElo "2341"]
[Result "1-0"]
[Round "04"]
[TimeControl "180+2"]
[Date "2023.04.25"]
[WhiteClock "0:00:56"]
[BlackClock "0:00:03"]

1. e4 e5 2. Nf3 Nf6 3. d4 Nxe4 4. Bd3 Nc6 5. dxe5 Nc5 6. Bc4 Be7 7. Bf4 Ne6 8. Bg3 b6 9. O-O Bb7 10. Re1 O-O 11. Nc3 Bc5 12. Ne4 Be7 13. c3 Re8 14. h4 h6 15. Bb3 h5 16. Qd3 g6 17. Rad1 Nb8 18. Neg5 Bxg5 19. Nxg5 Nc6 20. Ne4 Nc5 21. Nxc5 bxc5 22. Qxg6+ 1-0


[Site "https://www.chess.com"]

[Event "Titled Tuesday Blitz April 25 Early 2023"]
[White "MKlose11"]
[Black "Mouhamad, Joachim"]
[BlackFideId "656410"]
[WhiteElo "2531"]
[BlackElo "2125"]
[Result "1-0"]
[Round "04"]
[TimeControl "180+2"]
[Date "2023.04.25"]
[WhiteClock "0:01:44"]
[BlackClock "0:00:09"]

1. e4 c5 2. Nc3 Nc6 3. g3 g6 4. Bg2 Bg7 5. d3 d6 6. Be3 Nf6 7. h3 O-O 8. Qd2 Nd4 9. Nd1 e5 10. c3 Ne6 11. Bh6 Rb8 12. Bxg7 Kxg7 13. Ne3 b5 14. Ne2 a5 15. O-O b4 16. f4 exf4 17. gxf4 bxc3 18. bxc3 Re8 19. f5 Nc7 20. Rf2 d5 21. fxg6 hxg6 22. Raf1 Rb6 23. exd5 Qe7 24. Nc4 Ncxd5 25. Nxb6 Nxb6 26. Rxf6 Be6 27. R6f2 Rd8 28. Nf4 Bf5 29. Nh5+ Kg8 30. Qh6 Qe5 31. Rxf5 gxf5 32. Rxf5 Qe3+ 33. Qxe3 1-0


[Site "https://www.chess.com"]

[Event "Titled Tuesday Blitz April 25 Early 2023"]
[White "Liu, Casper"]
[Black "Shimelkov, Vasiliy"]
[WhiteFideId "1454153"]
[BlackFideId "13701630"]
[WhiteElo "2221"]
[BlackElo "2073"]
[Result "1-0"]
[Round "04"]
[TimeControl "180+2"]
[Date "2023.04.25"]
[WhiteClock "0:00:10"]
[BlackClock "0:00:08"]

1. e4 c5 2. Nc3 e6 3. f4 Nc6 4. Nf3 g6 5. h4 h5 6. Bb5 Nge7 7. Bxc6 Nxc6 8. d3 Bg7 9. O-O d6 10. Ng5 O-O 11. f5 exf5 12. exf5 Nd4 13. fxg6 fxg6 14. Nd5 Nf5 15. Re1 Bd4+ 16. Kh2 Be5+ 17. Bf4 Nxh4 18. g3 Bg4 19. Qc1 Bxf4 20. Nxf4 Qf6 21. gxh4 Qxf4+ 22. Qxf4 Rxf4 23. Re7 Raf8 24. Rae1 Rf2+ 25. Kg1 Rxc2 26. Rxb7 Bc8 27. Rc7 Rxb2 28. Ree7 Rb1+ 29. Kg2 Rb2+ 30. Kg3 Rd8 31. Rg7+ Kf8 32. Rcf7+ Ke8 33. Rg8# 1-0


[Site "https://www.chess.com"]

[Event "Titled Tuesday Blitz April 25 Early 2023"]
[White "Valle Maytin, Luis Enrique"]
[Black "Ronka, Erik"]
[WhiteFideId "3503666"]
[BlackFideId "505080"]
[WhiteElo "2225"]
[BlackElo "2264"]
[Result "0-1"]
[Round "04"]
[TimeControl "180+2"]
[Date "2023.04.25"]
[WhiteClock "0:00:01"]
[BlackClock "0:00:35"]

1. d4 d5 2. Nf3 c6 3. e3 Bg4 4. h3 Bh5 5. Qe2 Nd7 6. g4 Bg6 7. Bg2 e6 8. Nc3 h6 9. b3 Bb4 10. Bb2 Qa5 11. Qd2 Ba3 12. Na4 Qxd2+ 13. Kxd2 Bxb2 14. Nxb2 Ngf6 15. Nd3 Ne4+ 16. Ke2 f6 17. c4 Nd6 18. c5 Bxd3+ 19. Kxd3 Nf7 20. Nd2 O-O-O 21. b4 Kc7 22. a4 b6 23. Nb3 bxc5 24. bxc5 Rb8 25. Kc3 e5 26. f4 e4 27. Bf1 g6 28. Be2 Nd8 29. h4 Ne6 30. h5 g5 31. f5 Nd8 32. Rhb1 Nf7 33. Rb2 Rb7 34. Ba6 Rbb8 35. Rab1 Nd8 36. Be2 Nb7 37. a5 Nd8 38. a6 Nf7 39. Bd1 Rhc8 40. Na5 Nd8 41. Ba4 Rxb2 42. Rxb2 Nb8 43. Ra2 Nxa6 44. Nxc6 Nxc6 45. Bxc6 Nxc5 46. Bxd5 Kd6 47. Bc4 Nd7 48. Rxa7 Nb6 49. Ra6 Rxc4+ 50. Kb3 Rc6 51. Ra7 Nd5 0-1


[Site "https://www.chess.com"]

[Event "Titled Tuesday Blitz April 25 Early 2023"]
[White "Sadovsky, Artem"]
[Black "Ansh M Shah"]
[WhiteFideId "4155840"]
[BlackFideId "25033379"]
[WhiteElo "2314"]
[BlackElo "2084"]
[Result "0-1"]
[Round "04"]
[TimeControl "180+2"]
[Date "2023.04.25"]
[WhiteClock "0:00:04"]
[BlackClock "0:00:05"]

1. Nf3 Nf6 2. e3 g6 3. c4 Bg7 4. b3 c5 5. Bb2 O-O 6. Be2 Nc6 7. O-O d5 8. cxd5 Nxd5 9. Bxg7 Kxg7 10. Qc1 Qd6 11. Nc3 Nxc3 12. Qxc3+ Kg8 13. Rac1 b6 14. d4 Nb4 15. dxc5 bxc5 16. Rfd1 Qb6 17. Rd2 Ba6 18. Bxa6 Qxa6 19. a4 Rac8 20. Qc4 Qxc4 21. Rxc4 Rfd8 22. Rxc5 Rxc5 23. Rxd8+ Kg7 24. h4 Rc3 25. Nd2 Rc1+ 26. Kh2 Rc7 27. Nc4 Na2 28. Rd2 Nc1 29. Na5 Rc5 30. b4 Rc7 31. Rd4 Na2 32. b5 Nc3 33. Rc4 Rxc4 34. Nxc4 Nxa4 35. Kg3 Nc3 36. b6 axb6 37. Nxb6 Ne4+ 38. Kf3 Nf6 39. g4 e6 40. g5 Ne8 41. Kf4 Nd6 42. Ke5 Nf5 0-1


[Site "https://www.chess.com"]

[Event "Titled Tuesday Blitz April 25 Early 2023"]
[White "Avalos Parra, Joao"]
[Black "Mortazavi, Ali"]
[WhiteFideId "3402541"]
[BlackFideId "401323"]
[WhiteElo "2173"]
[BlackElo "2339"]
[Result "1-0"]
[Round "04"]
[TimeControl "180+2"]
[Date "2023.04.25"]
[WhiteClock "0:00:09"]
[BlackClock "0:00:03"]

1. d4 Nf6 2. c4 g6 3. Nc3 Bg7 4. Nf3 O-O 5. Bg5 d6 6. e3 c5 7. d5 b5 8. cxb5 a6 9. Be2 axb5 10. Bxb5 Qa5 11. O-O h6 12. Bh4 g5 13. Bg3 Nh5 14. a4 Nxg3 15. hxg3 Bxc3 16. bxc3 Qxc3 17. Rc1 Qg7 18. e4 Bg4 19. Qd3 Nd7 20. Bc6 Ra7 21. Nd2 Ne5 22. Qb3 Nxc6 23. dxc6 Rc7 24. Nc4 Rxc6 25. Qb5 Rcc8 26. a5 Rb8 27. Qc6 Rfc8 28. Qd5 Be6 29. Qd3 Bxc4 30. Qxc4 Qb2 31. Rb1 Qxb1 32. Rxb1 Rxb1+ 33. Kh2 Ra1 34. a6 Ra8 35. e5 dxe5 36. Qxc5 R1xa6 37. Qxe7 Re6 38. Qc5 Rae8 39. Qc2 Kg7 40. Qf5 Rf6 41. Qe4 Rxf2 42. Kh3 Rf6 43. Kh2 Rg6 44. Kh3 Rf6 45. Kh2 Rf1 46. Kh3 f5 47. Qb7+ Kg6 48. Qc6+ Kf7 49. Qc4+ Kg6 50. Qxf1 e4 51. Qa6+ Kh5 52. Qe2+ g4+ 53. Kh2 e3 54. Kg1 Kg5 55. Kf1 f4 56. gxf4+ Kxf4 57. Qc4+ Kg3 58. Ke2 h5 59. Qc7+ Kh4 60. Qh2+ Kg5 61. g3 Re6 62. Qh4+ Kg6 63. Qd8 Rf6 64. Qg8+ Kh6 65. Qh8+ Kg5 66. Qg7+ Rg6 67. Qe5+ Kh6 68. Qxe3+ Kg7 69. Qf4 Rf6 70. Qe5 Kg6 71. Kd3 Rf5 72. Qe6+ Rf6 73. Qe4+ Rf5 74. Qe8+ Kg5 75. Qg8+ Kf6 76. Qh8+ Kg5 77. Ke4 Rf6 78. Qg7+ Rg6 79. Qe7+ Kh6 80. Qf8+ Kg5 81. Qf4# 1-0


[Site "https://www.chess.com"]

[Event "Titled Tuesday Blitz April 25 Early 2023"]
[White "littlepillow2010"]
[Black "Arpita, Mukherjee"]
[BlackFideId "5056403"]
[WhiteElo "2367"]
[BlackElo "2129"]
[Result "0-1"]
[Round "04"]
[TimeControl "180+2"]
[Date "2023.04.25"]
[WhiteClock "0:00:03"]
[BlackClock "0:00:16"]

1. e4 c5 2. Nf3 d6 3. d4 cxd4 4. Nxd4 Nf6 5. Nc3 a6 6. h3 e5 7. Nb3 Be6 8. f4 exf4 9. Bxf4 Be7 10. Qe2 O-O 11. O-O-O Qb6 12. g4 a5 13. g5 Nfd7 14. Nd4 Nc6 15. Nxe6 fxe6 16. Bxd6 Bxd6 17. Rxd6 Nd4 18. Rxb6 Nxe2+ 19. Bxe2 Nxb6 20. Bg4 e5 21. Be6+ Kh8 22. Rd1 Rad8 23. Nd5 Rd6 24. Nxb6 Rxb6 25. Bd5 h6 26. h4 Kh7 27. Rg1 h5 28. a4 Rf4 29. Rh1 Rf2 30. b3 Rd6 31. Rh3 b6 32. Rc3 Rh2 33. Rc7 Rxh4 34. Bf7 Rh1+ 35. Kb2 h4 36. Rc8 h3 37. Rc3 Rd2 38. Be6 h2 39. Bf5+ g6 40. Rc7+ Kg8 41. Rc8+ Kf7 42. Rc7+ Ke8 43. Rc8+ Rd8 44. Bxg6+ Ke7 45. Rc7+ Rd7 46. Rxd7+ Kxd7 47. Bf5+ Ke7 48. g6 Rg1 0-1


[Site "https://www.chess.com"]

[Event "Titled Tuesday Blitz April 25 Early 2023"]
[White "Luukkonen, Tommi"]
[Black "Lorenzo De La Riva, Lazaro"]
[WhiteFideId "501808"]
[BlackFideId "2268809"]
[WhiteElo "2296"]
[BlackElo "2294"]
[Result "1/2-1/2"]
[Round "04"]
[TimeControl "180+2"]
[Date "2023.04.25"]
[WhiteClock "0:00:13"]
[BlackClock "0:00:14"]

1. d4 Nf6 2. c4 e6 3. Nc3 Bb4 4. e3 O-O 5. a3 Bxc3+ 6. bxc3 c5 7. Bd3 Nc6 8. Ne2 b6 9. O-O Ba6 10. e4 Ne8 11. f4 f5 12. Be3 d6 13. Ng3 g6 14. Qe2 Qc7 15. d5 fxe4 16. Nxe4 exd5 17. cxd5 Bxd3 18. Qxd3 Ne7 19. c4 Nf5 20. Bc1 Qg7 21. Rb1 Qd4+ 22. Qxd4 Nxd4 23. Re1 Rd8 24. Ng5 Ng7 25. Bd2 h6 26. Nh3 Rde8 27. a4 Rxe1+ 28. Rxe1 Kf7 29. Nf2 Rb8 30. Ne4 Ne8 31. Rf1 a6 32. g4 b5 33. axb5 axb5 34. cxb5 Rxb5 35. f5 gxf5 36. gxf5 Nf6 37. Nxd6+ Kg7 38. Nxb5 Nxb5 39. Rb1 Nd6 40. Rb6 Nfe4 41. Bf4 Nxf5 42. d6 Kf7 43. Kg2 Ke6 44. Kf3 Nexd6 45. h3 1/2-1/2


[Site "https://www.chess.com"]

[Event "Titled Tuesday Blitz April 25 Early 2023"]
[White "Principe, Gerson"]
[Black "Buscar, Michael"]
[WhiteFideId "3804550"]
[BlackFideId "2603616"]
[WhiteElo "2229"]
[BlackElo "2010"]
[Result "1/2-1/2"]
[Round "04"]
[TimeControl "180+2"]
[Date "2023.04.25"]
[WhiteClock "0:01:11"]
[BlackClock "0:01:15"]

1. Nf3 Nf6 2. c4 e6 3. Nc3 b6 4. g3 Bb7 5. Bg2 c5 6. O-O Be7 7. d4 cxd4 8. Nxd4 Bxg2 9. Kxg2 O-O 10. e4 d6 11. Be3 a6 12. Rc1 Qc7 13. Qe2 Nc6 14. Rfd1 Nxd4 15. Bxd4 Nd7 16. f4 Qb7 17. Kg1 Rfc8 18. Qg4 Bf6 19. Bxf6 Nxf6 20. Qe2 b5 21. cxb5 axb5 22. Qxb5 Qxb5 23. Nxb5 Rxc1 24. Rxc1 Nxe4 25. a4 g5 26. fxg5 Rxa4 27. Nc3 Rc4 28. Rd1 Nxc3 29. bxc3 d5 30. Rd3 Rg4 31. h4 Kg7 32. Kf2 Kg6 33. Kf3 Ra4 34. Re3 Ra1 35. Kg4 Ra4+ 36. Kf3 Rc4 1/2-1/2


[Site "https://www.chess.com"]

[Event "Titled Tuesday Blitz April 25 Early 2023"]
[White "Padmini, Rout"]
[Black "Gutkin, Ilya"]
[WhiteFideId "5029295"]
[BlackFideId "16203470"]
[WhiteElo "2314"]
[BlackElo "2265"]
[Result "0-1"]
[Round "04"]
[TimeControl "180+2"]
[Date "2023.04.25"]
[WhiteClock "0:01:44"]
[BlackClock "0:00:23"]

1. e4 e6 2. d4 d5 3. Nc3 Nf6 4. e5 Nfd7 5. f4 c5 6. Nf3 Nc6 7. Be3 a6 8. Qd2 b5 9. Be2 Qb6 10. O-O b4 11. Na4 Qa5 12. Nxc5 Nxc5 13. dxc5 Bxc5 14. a3 bxa3 15. c3 Qb6 16. Bxc5 Qxc5+ 17. Kh1 axb2 18. Qxb2 O-O 19. Nd4 Bd7 20. Rxa6 Rxa6 21. Bxa6 Rb8 22. Qd2 Qa5 23. Nxc6 Bxc6 24. Be2 g6 25. h4 Qd8 26. Qe1 Rb2 27. Bf3 Bb5 28. Rg1 h5 29. Kh2 Bd3 30. Kg3 Qb6 31. Qa1 Qf2+ 32. Kh3 Bf5+ 33. Kh2 Qxh4# 0-1


[Site "https://www.chess.com"]

[Event "Titled Tuesday Blitz April 25 Early 2023"]
[White "Rodchenkov, Sergey D."]
[Black "Luong Phuong Hanh"]
[WhiteFideId "4168712"]
[BlackFideId "12401013"]
[WhiteElo "2277"]
[BlackElo "2081"]
[Result "1-0"]
[Round "04"]
[TimeControl "180+2"]
[Date "2023.04.25"]
[WhiteClock "0:00:04"]
[BlackClock "0:00:04"]

1. e4 c5 2. Nf3 e6 3. d4 cxd4 4. Nxd4 a6 5. Nc3 Qc7 6. Bd3 Nf6 7. Qe2 d6 8. g4 b5 9. g5 Nfd7 10. a3 Bb7 11. Bd2 Nc6 12. Nxc6 Qxc6 13. f4 Be7 14. h4 Nc5 15. b4 Nxd3+ 16. cxd3 O-O 17. Rc1 Qd7 18. h5 d5 19. e5 a5 20. O-O axb4 21. axb4 Bxb4 22. d4 Bxc3 23. Bxc3 b4 24. Bxb4 Ba6 25. Qd2 Bxf1 26. Bxf8 Bc4 27. Bd6 Ra2 28. Qb4 Qa7 29. Bc5 Qa8 30. Rb1 Ra1 31. Rxa1 Qxa1+ 32. Kh2 Qa2+ 33. Kh1 Qa8 34. h6 Bd3 35. Qb2 Be4+ 36. Kh2 gxh6 37. gxh6 Qd8 38. Qf2 Bg6 39. f5 Bxf5 40. Qg3+ Bg6 41. Qf4 Qa5 42. Qg5 Qa2+ 43. Kg3 Qb3+ 44. Kh4 Qb8 45. Qf6 1-0


[Site "https://www.chess.com"]

[Event "Titled Tuesday Blitz April 25 Early 2023"]
[White "Fernandez Garcia, Gumersindo"]
[Black "Camacho Collados, Jose"]
[WhiteFideId "24516740"]
[BlackFideId "2265427"]
[WhiteElo "2093"]
[BlackElo "2198"]
[Result "0-1"]
[Round "04"]
[TimeControl "180+2"]
[Date "2023.04.25"]
[WhiteClock "0:01:38"]
[BlackClock "0:02:02"]

1. d4 Nf6 2. c4 e6 3. Nc3 Bb4 4. Nf3 b6 5. e3 Bb7 6. Bd2 O-O 7. Bd3 c5 8. a3 Bxc3 9. Bxc3 Ne4 10. Qc2 f5 11. O-O Nxc3 12. Qxc3 Bxf3 13. gxf3 Qg5+ 14. Kh1 Qh5 15. Be2 Rf6 16. Rg1 Nc6 17. d5 Ne7 18. Qd2 exd5 19. cxd5 d6 20. f4 Qh4 21. Rg2 Rg6 22. Rag1 Rxg2 23. Rxg2 Ng6 24. Bd3 Rf8 25. Rg5 Ne5 26. Qe2 Nxd3 27. Qxd3 Qxf2 28. Rxf5 Rxf5 29. Qxf5 Qf1# 0-1


[Site "https://www.chess.com"]

[Event "Titled Tuesday Blitz April 25 Early 2023"]
[White "Xie, Bryan"]
[Black "Shvedova, Alexandra"]
[WhiteFideId "30941296"]
[BlackFideId "54154782"]
[WhiteElo "2033"]
[BlackElo "2057"]
[Result "0-1"]
[Round "04"]
[TimeControl "180+2"]
[Date "2023.04.25"]
[WhiteClock "0:00:02"]
[BlackClock "0:00:53"]

1. d4 e6 2. Nf3 Nf6 3. Bf4 b6 4. e3 Bb7 5. Bd3 a6 6. c4 d5 7. Nc3 Bd6 8. Bg3 O-O 9. Qc2 c5 10. cxd5 cxd4 11. Nxd4 exd5 12. Bh4 h6 13. Nf5 Bc5 14. O-O Nbd7 15. Na4 Rc8 16. Nxc5 Nxc5 17. Qe2 Nce4 18. Rfd1 Nd6 19. Qf3 d4 20. Qf4 Nc4 21. Nxh6+ Kh8 22. Ng4 Qd5 23. f3 Nxg4 24. Qxg4 Nxe3 25. Qh5+ Qxh5 0-1


[Site "https://www.chess.com"]

[Event "Titled Tuesday Blitz April 25 Early 2023"]
[White "Vestby-Ellingsen, Mads"]
[Black "Lopez Del Alamo, Antonio"]
[WhiteFideId "1520857"]
[BlackFideId "2227339"]
[WhiteElo "2246"]
[BlackElo "2175"]
[Result "1-0"]
[Round "04"]
[TimeControl "180+2"]
[Date "2023.04.25"]
[WhiteClock "0:00:32"]
[BlackClock "0:00:13"]

1. d4 Nf6 2. c4 g6 3. g4 c5 4. g5 Ne4 5. Qd3 d5 6. cxd5 Bf5 7. dxc5 Nd7 8. Bg2 Ndxc5 9. Qd4 Rg8 10. f3 Bg7 11. Qc4 Rc8 12. fxe4 Nd7 13. Qb4 a5 14. Qd2 Bg4 15. Nc3 Ne5 16. Nf3 Nc4 17. Qf4 Qd7 18. O-O b5 19. Nd1 Rh8 20. Ne3 Bxf3 21. Nxc4 Bxg2 22. Qxf7+ Kd8 23. Qxg7 Bxf1 24. Qxh8+ Kc7 25. Qe5+ Kb7 26. Nxa5+ Ka6 27. Qe6+ Qxe6 28. dxe6 Bxe2 29. Nb3 Rc2 30. Nd4 1-0


[Site "https://www.chess.com"]